 Dungeon Crawl Stone Soup version 0.30.0 (webtiles) character file.

Game seed: 18099465363734758392

93 dialectric the Covered (level 4, -3/29 HPs)
             Began as a Gargoyle Fighter on May 6, 2023.
             Killed by divine providence
             ... invoked by an orc priest
              (9 damage)
             ... on level 3 of the Dungeon.
             The game lasted 00:02:03 (1881 turns).

dialectric the Covered (Gargoyle Fighter)           Turns: 1881, Time: 00:02:04

Health: -3/29      AC: 10    Str: 21    XL:     4   Next: 61%
Magic:  4/4        EV:  9    Int:  9    God:
Gold:   112        SH:  0    Dex:  9    Spells: 3/3 levels left

rFire   . . .        a - +0 long sword
rCold   . . .        (no shield)
rNeg    + . .        b - +0 scale mail
rPois   ∞            (no helmet)
rElec   +            (no cloak)
rCorr   .            (no gloves)
SInv    .            (no boots)
Will    .....        (no amulet) Stlth
                     (no ring)
HPRegen 0.24/turn    (no ring)
MPRegen 0.09/turn

%: no passive effects
@: mighty
A: sickness immunity, AC +3, negative energy resistance 1, electricity
resistance, torment resistance 1, petrification resistance
a: no special abilities


You were on level 3 of the Dungeon.
You visited 1 branch of the dungeon, and saw 3 of its levels.

You collected 112 gold pieces.

Inventory:

Hand Weapons
 a - a +0 long sword (weapon)
Missiles
 i - 2 boomerangs (quivered)
Armour
 b - a +0 scale mail (worn)
 c - a +0 buckler
 h - a +0 plate armour
Scrolls
 g - a scroll of vulnerability {unknown}
 j - a scroll of identify {unknown}
 k - 3 scrolls of blinking {unknown}
 m - a scroll of enchant weapon {unknown}
Potions
 e - a potion of degeneration {unknown}
 f - a potion of mutation {unknown}
 l - a potion of curing {unknown}


   Skills:
 + Level 3.8 Fighting
 + Level 3.2 Long Blades
 - Level 4.0 Armour
 + Level 0.6 Dodging
 - Level 3.2 Shields


You had 3 spell levels left.
You didn't know any spells.
Your spell library contained the following spells:

 Spells                   Type           Power      Damage    Failure   Level
 Magic Dart               Conj           0%         1d3       71%         1
 Call Imp                 Summ           0%         N/A       85%         2
 Lesser Beckoning         Tloc           0%         N/A       85%         2
 Gell's Gravitas          Tloc           0%         N/A       97%         3
 Mephitic Cloud           Conj/Pois/Air  0%         N/A       97%         3
 Teleport Other           Tloc           0%         N/A       97%         3


Dungeon Overview and Level Annotations

Branches:
Dungeon (3/15)

Altars:
Gozag

Shops:
D:2 =


Innate Abilities, Weirdness & Mutations

You are immune to sickness and miasma.
Your stone body is resilient. (AC +3)
You are immune to poison.
You resist negative energy. (rN+)
You are resistant to electric shocks. (rElec)
You are resistant to unholy torment.
You are immune to petrification.


Message History

The orc wizard closely misses you. The orc wizard barely misses you.
An orc priest comes into view. It is wielding a +0 trident.
You hit the orc wizard.
The orc wizard is moderately wounded.
The orc wizard closely misses you. The orc priest barely misses you.
You hit the orc wizard.
The orc wizard is severely wounded.
The orc wizard mumbles some strange words.
The orc wizard flickers and vanishes!
Deactivating autopickup; reactivate with Ctrl-A.
The orc priest hits you but does no damage.
You barely miss something.
You hear some strange, mumbled words.
A magic dart appears from out of thin air!
The magic dart hits you! The orc priest barely misses you.
You miss something. Something hits you but does no damage.
The orc priest mumbles some strange prayers to Beogh against you.
Beogh smites you!
* * * LOW HITPOINT WARNING * * *
The orc priest miscasts a cantrip.
Something completely misses you.
You are too injured to fight recklessly!
You are too injured to fight recklessly!
You are too injured to fight recklessly!
You are too injured to fight recklessly!
You are too injured to fight recklessly!
You are too injured to fight recklessly!
You are too injured to fight recklessly!
You are too injured to fight recklessly!
You are too injured to fight recklessly!
Unknown command.
You feel very mighty all of a sudden. Something hits you but does no damage.
The orc priest calls down the wrath of Beogh upon you.
Something writhes in agony!
Reactivating autopickup.
You feel a bit more experienced.
The orc priest invokes the aid of Beogh against you.
Beogh smites you!
You die...

##......##
#........#
#)..# ### ##.##
#.# #.#
######.######.#
#.............#
#.#.#########)#
#.#.# #@# #.#.#
#?o...... #.#.#
########. #.#.#
#.#.# #.#.#
#.#.##
#....#######
#.#...<....#


You could see an orc priest.

Vanquished Creatures
  2 adders
  2 dart slugs (D:2)
  2 orcs (D:3)
  6 ball pythons
  6 bats
  2 endoplasms
  4 giant cockroaches
  4 goblins
  5 hobgoblins (D:2)
  2 jackals (D:1)
  2 quokkas (D:1)
  2 frilled lizards
  6 kobolds
45 creatures vanquished.

Vanquished Creatures (others)
  An orc wizard (D:3)
1 creature vanquished.

Grand Total: 46 creatures vanquished

Notes
Turn   | Place    | Note
-------+----------+-------------------------------------------
     0 | D:1      | dialectric the Gargoyle Fighter began the quest for the
                  | Orb.
     0 | D:1      | Reached XP level 1. HP: 14/14 MP: 1/1
   161 | D:1      | Reached XP level 2. HP: 18/19 MP: 2/2
   822 | D:2      | Reached XP level 3. HP: 22/24 MP: 3/3
   859 | D:2      | Found Gouli's Jewellery Shoppe.
   941 | D:2      | Reached skill level 4 in Armour
  1428 | D:2      | Found an opulent altar of Gozag.
  1551 | D:2      | Reached XP level 4. HP: 27/29 MP: 4/4
  1881 | D:3      | Killed from afar by an orc priest

Illustrated notes

Levels and vault maps discovered:
D:1:      saegor_arrival_fortress, layout_basic, nicolae_hexahallways,
          minmay_hedge_maze
D:2:      layout_basic, basic_altar, serial_shops, nicolae_diamond_shop,
          minmay_between
D:3:      minmay_wonky_spiral, layout_loops_ring, minmay_goblin_kobold_house,
          uniq_jessica, uniq_crazy_yiuf_cottage

Skill      XL: |  1  2  3  4 |
---------------+-------------+-----
Long Blades    | 2 3 |  3.2
Armour         | 4 |  4.0
Fighting       | |  3.8
Dodging        | |  0.6
Shields        | |  3.2

Action                     |  1- 3 |  4- 6 || total
---------------------------+-------+-------++-------
  Melee: Long sword        |   141 |    30 ||   171
    Use: Potion            |       |     1 ||     1
 Armour: Scale mail        |   100 |    16 ||   116
  Dodge: Dodged            |    91 |    18 ||   109
